 Dungeon Crawl Stone Soup version 0.32-a0-131-g9dbbe29261 (webtiles) character file.

Game seed: 15414220469522904635

7 Bravepunisher the Ducker (level 1, -4/11 HPs)
             Began as a Spriggan Monk on Feb 8, 2024.
             Slain by a sky beast (6 damage)
             ... on level 6 of the Dungeon.
             The game lasted 00:02:23 (520 turns).

Bravepunisher the Ducker (Spriggan Monk)             Turns: 520, Time: 00:02:25

Health: -4/11      AC:  2    Str:  7    XL:     1   Next: 83%
Magic:  2/2        EV: 19    Int: 11    God:
Gold:   18         SH:  0    Dex: 17    Spells: 0/0 levels left

rFire   . . .        f - +2 falchion (elec)
rCold   . . .        (no shield)
rNeg    . . .        b - +0 robe
rPois   .            (helmet restricted)
rElec   .            (no cloak)
rCorr   .            (gloves unavailable)
SInv    +            (boots unavailable)
Will    .....        (no amulet)
Stlth   ++           (no ring)
HPRegen 0.21/turn    (no ring)
MPRegen 0.08/turn

%: no passive effects
@: very quick
A: very small, no large weapons, unfitting armour, see invisible, speed 3
a: no special abilities


You were on level 6 of the Dungeon.
You visited 1 branch of the dungeon, and saw 6 of its levels.

You collected 18 gold pieces.

Inventory:

Hand Weapons
 f - a +2 falchion of electrocution (weapon)
Armour
 b - a +0 robe (worn)
Scrolls
 a - 2 scrolls of identify {unknown}
 d - a scroll of enchant weapon {unknown}
 e - a scroll of silence {unknown}
 g - a scroll of fear {unknown}
 h - a scroll of enchant armour {unknown}
Potions
 c - a potion of ambrosia


   Skills:
 + Level 2.5 Fighting
 - Level 3.2 Short Blades
 * Level 4.4 Dodging


You couldn't memorise any spells.
You didn't know any spells.
Your spell library was empty.

Dungeon Overview and Level Annotations

Branches:
Dungeon (6/15)
 Temple: D:4-7

Altars:
Dithmenos


Innate Abilities, Weirdness & Mutations

You are very small and have problems with some larger weapons.
You are too small for most types of armour.
You have supernaturally acute eyesight. (SInv)
You cover ground extremely quickly. (Speed+++)


Message History

The orc shouts! x2; You hear a shout!
An orc comes into view. It is wielding a +0 hand axe.
You hit the orc but do no damage. The orc closely misses you.
The orc barely misses you. The orc attacks as it pursues you!
The orc hits you with a +0 hand axe.
Found a short sword.
Found 9 gold pieces.
You see here a +0 short sword.
Found a scroll labelled UBUSTROSUA.
Found a shadowy altar of Dithmenos.
You enter a teleport trap!
The teleport trap disappears.
Your surroundings suddenly seem different.
Found 6 gold pieces.
HP restored.
You now have 18 gold pieces (gained 6).
Found 4 poisoned darts.
You see here 4 poisoned darts.
A sky beast comes into view.
You closely miss the sky beast. Your punch misses the sky beast.
The sky beast flickers out of sight for a moment.
The sky beast misses you.
You barely miss the sky beast. The sky beast hits you.
The sky beast shocks you.
Ouch! That really hurt!
* * * LOW HITPOINT WARNING * * *
The sky beast closely misses you.
You completely miss the sky beast. The sky beast barely misses you.
You completely miss the sky beast. The sky beast barely misses you.
You hit the sky beast.
The sky beast is lightly wounded.
The sky beast barely misses you.
You hit the sky beast.
The sky beast is lightly wounded.
The sky beast closely misses you.
You closely miss the sky beast.
The sky beast is lightly wounded.
The sky beast misses you. The sky beast hits you.
* * * LOW HITPOINT WARNING * * *
The sky beast shocks you.
Ouch! That really hurt!
You die...

...
#.#
#.##
#.# .
#.#
#.#
#.# #
#.#
#.####
#.#
#..Y.#
#.#
#@#
#.#
#.#
#.#
#.#
#.#
#.#
#.#
#.#
#.#
#(#
#.#
#.#
#.#
#.#
#.#
#.#
#.#


You could see a sky beast (invisible).

Vanquished Creatures
  2 bats
  2 hobgoblins
  A quokka (D:1)
  A rat (D:3)
6 creatures vanquished.

Notes
Turn   | Place    | Note
-------+----------+-------------------------------------------
     0 | D:1      | Bravepunisher the Spriggan Monk began the quest for the
                  | Orb.
     0 | D:1      | Reached XP level 1. HP: 11/11 MP: 2/2
   233 | D:4      | Noticed a scorpion
   236 | D:4      | Noticed a bombardier beetle
   267 | D:5      | Entered Level 5 of the Dungeon
   364 | D:5      | Noticed a black bear
   364 | D:5      | Noticed a scorpion
   471 | D:6      | Found a shadowy altar of Dithmenos.
   512 | D:6      | Noticed a sky beast
   520 | D:6      | Slain by a sky beast

Illustrated notes

Levels and vault maps discovered:
D:1:      grunt_arrival_crossed_arrows, layout_rooms,
          dreamdust_ecumenical_altar_angels_and_demons, minmay_pentomino_w2
D:2:      layout_loops_ring
D:3:      layout_basic, serial_shops, shop, shop, shop,
          kennysheep_generic_room_3
D:4:      layout_rooms, minmay_temple_entry_hall, minmay_gold_behind_fungi,
          uniq_robin
D:5:      layout_basic, uniq_prince_ribbit1
D:6:      layout_loops_ring, lemuel_tele_altar

Action                     || total
---------------------------++-------
  Melee: Falchion          ||    11
         Short sword       ||     9
   Stab: Sleeping          ||     2
 Armour: Robe              ||    16
  Dodge: Dodged            ||    29

Table legend: (Time is in decaauts)
 A = Elapsed time spent in this place.
 B = Non-inter-level travel time spent in this place.
 C = Inter-level travel time spent in this place.
 D = Time resting spent in this place.
 E = Time spent auto-exploring this place.
 F = Levels seen in this place.
 G = Mean time per level.
                   A        B        C        D        E       F      G
               +--------+--------+--------+--------+--------+-----+--------+
         Total |    357 |    357 |      0 |     26 |    118 |   6 |   59.5 |
       Dungeon |    357 |    357 |      0 |     26 |    118 |   6 |   59.5 |
               +--------+--------+--------+--------+--------+-----+--------+

Top non-repeatable levels by time:
     D:3: 92 daAuts
     D:6: 69 daAuts
     D:4: 64 daAuts
     D:5: 62 daAuts
     D:2: 38 daAuts
     D:1: 30 daAuts
